 Dungeon Crawl Stone Soup version 0.27-a0-797-g27d10ad80f (webtiles) character file.

Game seed: 16715855489175441291

5 leviel the Magician (level 1, 0/15 HPs)
             Began as a Djinni Necromancer on Mar 28, 2021.
             Slain by a jackal (3 damage)
             ... on level 1 of the Dungeon.
             The game lasted 00:00:22 (214 turns).

leviel the Magician (Djinni Necromancer)             Turns: 214, Time: 00:00:22

Health: 0/15       AC:  2    Str:  7    XL:     1   Next: 80%
Gold:   0          EV: 12    Int: 16    God:
                   SH:  0    Dex: 13

rFire    + + .     SeeInvis .   c - +0 club
rCold    x . .     Faith    .   (no shield)
rNeg     . . .     Spirit   .   a - +0 robe
rPois    ∞         Reflect  .   (no helmet)
rElec    .         Harm     .   (no cloak)
rCorr    .         Rampage  .   (no gloves)
Will     .....                  (boots unavailable)
Stlth    ++........             (no amulet)
HPRegen  0.05/turn              (no ring)
MPRegen  0.00/turn              (no ring)

@: flying
A: fire resistance 2, cold vulnerability 1, float, innate caster, hp casting,
extra vitality 1
a: no special abilities


You were on level 1 of the Dungeon.
You visited 1 branch of the dungeon, and saw 1 of its levels.

Inventory:

Hand Weapons
 c - a +0 club (weapon)
Armour
 a - a +0 robe (worn)
Potions
 b - 2 potions of might {unknown}


   Skills:
 + Level 2.2 Dodging
 + Level 1.7 Stealth
 + Level 3.8 Spellcasting


You couldn't memorise any spells.
You knew the following spells:

 Your Spells              Type           Power      Damage    Failure   Level
a - Pain                  Necr           60%        1d7       3%          1
b - Animate Skeleton      Necr           30%        N/A       3%          1
c - Vampiric Draining     Necr           7%         2d7       11%         3
d - Animate Dead          Necr           7%         N/A       34%         4
e - Agony                 Necr           15%        N/A       69%         5
Your spell library was empty.

Dungeon Overview and Level Annotations

Branches:
Dungeon (1/15)

Altars:


Innate Abilities, Weirdness & Mutations

You are immune to poison.
Your flesh is very heat resistant. (rF++)
You are vulnerable to cold. (rC-)
You float through the air rather than walking.
You learn spells naturally, not from books.
Your magical power is your life essence.
You have superior vitality. (+4 HP)


Message History

You can't see any susceptible monsters within range! (Use Z to cast anyway.)
The giant cockroach barely resists.
The giant cockroach barely resists.
The giant cockroach writhes in agony.
The giant cockroach closely misses you.
The giant cockroach writhes in agony.
You kill the giant cockroach!
You are too injured to fight recklessly!
You see here a +0 club.
c - a +0 club You start resting.
HP restored.
c - a +0 club (weapon)
You reach down and open the door.
There is an open door here.
A jackal comes into view.
You can't see any susceptible monsters within range! (Use Z to cast anyway.)
Found a paperback book.
A jackal comes into view.
The jackal barks! x2
The jackal writhes in agony.
You kill the jackal!
A jackal comes into view.
The jackal writhes in agony.
The jackal barks!
The jackal writhes in agony.
You kill the jackal!
A jackal comes into view.
The jackal writhes in agony.
The jackal barks!
The jackal writhes in agony.
You kill the jackal!
You are too injured to fight recklessly!
There is an open door here.
The jackal bites you.
You hit the jackal.
The jackal is moderately wounded.
The jackal bites you.
* * * LOW HITPOINT WARNING * * *
The jackal bites you.
You die...

..........♣...#
..#∩#........♣#
#####.#.......♣#
..###...####.....##
.:.††......####∩##
...##.#.##.#..#.##########
# #.#.....#...........
#.#..#.###†.........
#.#..#...h@.........
#+##.#####..........
..................
..................
..................
.........#...#####
.........#...#
.........#...#
.........#...#


You could see a jackal.

Vanquished Creatures
  A giant cockroach (D:1)
  3 jackals (D:1)
4 creatures vanquished.

Notes
Turn   | Place    | Note
-------+----------+-------------------------------------------
     0 | D:1      | leviel the Djinni Necromancer began the quest for the Orb.
     0 | D:1      | Reached XP level 1. HP: 15/15 MP: 0/0
   214 | D:1      | Slain by a jackal

Illustrated notes

Levels and vault maps discovered:
D:1:      nzn_arrival_settlement, layout_basic

Action                   || total
-------------------------++-------
Melee: Club              ||     1
 Cast: Pain              ||     9
Dodge: Dodged            ||     1

Table legend: (Time is in decaauts)
 A = Elapsed time spent in this place.
 B = Non-inter-level travel time spent in this place.
 C = Inter-level travel time spent in this place.
 D = Time resting spent in this place.
 E = Time spent auto-exploring this place.
 F = Levels seen in this place.
 G = Mean time per level.
                   A        B        C        D        E       F      G
               +--------+--------+--------+--------+--------+-----+--------+
         Total |    213 |    213 |      0 |    145 |     40 |   1 |  213.0 |
       Dungeon |    213 |    213 |      0 |    145 |     40 |   1 |  213.0 |
               +--------+--------+--------+--------+--------+-----+--------+

Top non-repeatable levels by time:
     D:1: 213 daAuts
